 Dungeon Crawl Stone Soup version 0.31-a0-600-g62dffe198b (webtiles) character file.

Game seed: 2139096263687318929

377 AdnanSaban the Covered (level 6, -6/40 HPs)
             Began as a Gargoyle Fighter on Aug 21, 2023.
             Mangled by a mummy (9 damage)
             ... in an ossuary.
             The game lasted 00:02:38 (2955 turns).

AdnanSaban the Covered (Gargoyle Fighter)           Turns: 2955, Time: 00:02:38

Health: -6/40      AC: 16    Str: 22    XL:     6   Next: 73%
Magic:  6/6        EV:  6    Int:  8    God:
Gold:   142        SH:  4    Dex:  9    Spells: 5/5 levels left

rFire   . . .        a - +0 flail
rCold   . . .        c - +0 buckler
rNeg    + . .        m - +0 plate armour
rPois   ∞            (no helmet)
rElec   +            (no cloak)
rCorr   .            (no gloves)
SInv    .            (no boots)
Will    .....        (no amulet) Stlth
                     (no ring)
HPRegen 0.26/turn    (no ring)
MPRegen 0.10/turn

%: no passive effects
@: marked
A: sickness immunity, AC +4, negative energy resistance 1, electricity
resistance, torment resistance 1, petrification resistance
a: no special abilities


You were in an ossuary.
You visited 1 branch of the dungeon, and saw 4 of its levels.
You also visited: Ossuary.

You collected 142 gold pieces.

Inventory:

Hand Weapons
 a - a +0 flail (weapon)
Missiles
 j - 4 poisoned darts
 r - 3 boomerangs
 t - a throwing net
Armour
 c - a +0 buckler (worn)
 m - a +0 plate armour (worn)
Jewellery
 n - a ring of magical power
Scrolls
 b - 3 scrolls of identify {unknown}
 e - a scroll of teleportation {unknown}
 f - a scroll of enchant armour {unknown}
 i - 3 scrolls of amnesia {unknown}
 k - a scroll of poison {unknown}
Potions
 d - a potion of might
 g - a potion of ambrosia {unknown}
 h - 5 potions of curing {unknown}
 l - a potion of resistance {unknown}
 o - a potion of degeneration
 p - a potion of mutation
 q - a potion of heal wounds {unknown}
 s - a potion of cancellation {unknown}


   Skills:
 + Level 4.8 Fighting
 + Level 4.9 Maces & Flails
 + Level 4.9 Armour
 + Level 0.1 Stealth
 + Level 3.5 Shields


You had 5 spell levels left.
You didn't know any spells.
Your spell library contained the following spells:

 Spells                   Type           Power      Damage    Failure   Level
 Dazzling Flash           Conj/Hex       0%         N/A       100%        3
 Volatile Blastmotes      Fire/Tloc      0%         2d10      100%        3
 Fulminant Prism          Conj/Hex       0%         3d5       100%        4
 Iskenderun's Mystic Bla  Conj/Tloc      0%         2d3       100%        4
 Starburst                Conj/Fire      0%         6d3       100%        6
 Maxwell's Capacitive Co  Air            0%         ∞         100%        8


Dungeon Overview and Level Annotations

Branches:
Dungeon (4/15)            Ossuary (1/1)
 Temple: D:4-7

Altars:
Ashenzari


Innate Abilities, Weirdness & Mutations

You are immune to sickness and miasma.
Your stone body is resilient. (AC +4)
You are immune to poison.
You resist negative energy. (rN+)
You are resistant to electric shocks. (rElec)
You are resistant to unholy torment.
You are immune to petrification.


Message History

You barely miss the mummy. The mummy hits you but does no damage.
You hit the mummy.
The mummy is lightly damaged.
You block the mummy's attack.
You barely miss the mummy.
The mummy is lightly damaged.
You hit the mummy.
The mummy is moderately damaged.
The mummy hits you.
A mummy comes into view.
You closely miss the mummy.
The mummy is moderately damaged.
The mummy hits you but does no damage.
You thump the mummy!
The mummy is severely damaged.
The mummy hits you!
You hit the mummy but do no damage.
The mummy is severely damaged.
A mummy comes into view.
You barely miss the mummy.
The mummy is severely damaged.
You block the mummy's attack.
You hit the mummy.
The mummy is severely damaged.
The mummy completely misses you.
You sock the mummy!
You destroy the mummy!
You hit the mummy but do no damage. You hit the mummy but do no damage.
The mummy hits you!
You completely miss the mummy. The mummy hits you but does no damage.
You hit the mummy.
The mummy is lightly damaged.
You sock the mummy!
The mummy is severely damaged.
The mummy hits you!
* * * LOW HITPOINT WARNING * * *
You hit the mummy.
The mummy is almost destroyed.
The mummy hits you!
You die...

##.....## ##.'.#
##.......###..###
#........M#...'.#
+....⌠....'...###
#.........#...'.#
##.......###..###
##.....## ##M+
###'### #M# #.#
#@# ##.## #!?!#
#.∩.# #!!.# #.∩.#
##### #####


You could see 2 mummies.

Vanquished Creatures
  Grinder (D:3)
  Natasha (thrice) (D:2)
  A mummy (Ossuary)
  3 adders
  3 worms
  2 dart slugs
  10 orcs
  3 bats
  5 endoplasms
  4 giant cockroaches
  3 goblins
  5 hobgoblins
  3 kobolds
  4 quokkas
  2 frilled lizards (D:1)
  2 kobold zombies (Ossuary)
  An orc zombie (Ossuary)
  6 rats
61 creatures vanquished.

Notes
Turn   | Place    | Note
-------+----------+-------------------------------------------
     0 | D:1      | AdnanSaban the Gargoyle Fighter began the quest for the
                  | Orb.
     0 | D:1      | Reached XP level 1. HP: 14/14 MP: 1/1
   161 | D:1      | Reached XP level 2. HP: 16/19 MP: 2/2
   867 | D:2      | Reached XP level 3. HP: 23/24 MP: 3/3
  1035 | D:2      | Noticed Natasha
  1049 | D:2      | Killed Natasha
  1050 | D:2      | Reached XP level 4. HP: 9/29 MP: 4/4
  1201 | D:2      | Noticed Natasha
  1211 | D:2      | Killed Natasha
  1282 | D:2      | Noticed Natasha
  1286 | D:2      | Killed Natasha
  1287 | D:2      | Reached XP level 5. HP: 30/34 MP: 5/5
  1920 | D:3      | Found a broken altar of Ashenzari.
  1929 | D:3      | Identified the staff "Fuqytyh" {Str+4 Conj}
  2124 | D:3      | Noticed Grinder
  2144 | D:3      | Paralysed by Grinder for 5 turns
  2315 | D:3      | Paralysed by Grinder for 2 turns
  2323 | D:3      | Killed Grinder
  2324 | D:3      | Reached XP level 6. HP: 17/39 MP: 6/6
  2896 | D:4      | Found a sand-covered staircase.
  2903 | Ossuary  | Entered an ossuary
  2955 | Ossuary  | Mangled by a mummy

Illustrated notes

Levels and vault maps discovered:
D:1:      ncdulo_smallfort, layout_loops_ring, roderic_nine_men_s_morris
D:2:      layout_basic, uniq_natasha
D:3:      layout_loops_ring, evilmike_ruin_ashenzari, minmay_vboxes,
          uniq_grinder
D:4:      layout_loops_corners, mainiacjoe_overflow_large_starburst,
          enter_ossuary_4
Ossuary:  ossuary_crypta

Skill      XL: |  1  2  3  4  5 |
---------------+----------------+-----
Fighting       | 4 |  4.8
Armour         | 4 |  4.9
Maces & Flails | 3 4 |  4.9
Stealth        | |  0.1
Shields        | |  3.5

Action                     |  1- 3 |  4- 6 || total
---------------------------+-------+-------++-------
  Melee: Flail             |   111 |   151 ||   262
 Armour: Scale mail        |    36 |       ||    36
         Plate armour      |    25 |    76 ||   101
  Dodge: Dodged            |    38 |    38 ||    76
  Block: Buckler           |    22 |    25 ||    47

Table legend: (Time is in decaauts)
 A = Elapsed time spent in this place.
 B = Non-inter-level travel time spent in this place.
 C = Inter-level travel time spent in this place.
 D = Time resting spent in this place.
 E = Time spent auto-exploring this place.
 F = Levels seen in this place.
 G = Mean time per level.
                   A        B        C        D        E       F      G
               +--------+--------+--------+--------+--------+-----+--------+
         Total |   3025 |   2920 |    105 |    109 |   2168 |   5 |  605.0 |
       Dungeon |   2969 |   2864 |    105 |    109 |   2152 |   4 |  742.2 |
       Ossuary |     55 |     55 |      0 |      0 |     16 |   1 |   55.0 |
               +--------+--------+--------+--------+--------+-----+--------+

Top non-repeatable levels by time:
     D:2: 1178 daAuts
     D:1: 871 daAuts
     D:3: 786 daAuts
     D:4: 132 daAuts
 Ossuary: 55 daAuts
